AoeStats
← Michal Petr

Arena

508466277Analyzed
2v2 RM · 11d ago on Sep 22, 2026· 37m 17s· 4 players
Game mode
Random Map
Map size
Medium (4 player)
Population
200
Speed
Normal
Resources
Standard
Victory
Conquest
Starting age
Dark Age
Ending age
Imperial Age
RankedLock teamsTeams togetherTeam positionsShared explorationLock speedFull tech treeHidden civsTurbo modeCheats
Victory
Defeat
🇨🇿 Burgundians · Czechia
969
+11
🇨🇿 Khmer · Czechia
968
+12
🇺🇾 Khmer · Uruguay
877
-12
🇬🇷 Bulgarians · Greece
866
-30
Paris7
11:53 Feudal Age
10:09 Loom
13:21 Double-Bit Axe
18:00 Bloodlines
23:09 Castle Age
22:24 Scale Mail Armor
23:17 Pikeman
26:59 Horse Collar
28:38 Forging
28:34 Scale Barding Armor
28:53 Squires
30:10 Bow Saw
32:52 Chain Mail Armor
33:13 Iron Casting
32:58 Chain Barding Armor
julianlutzen
0:26 Loom
10:09 Feudal Age
14:39 Town Watch
17:40 Castle Age
17:45 Wheelbarrow
18:07 Stone Mining
21:06 Horse Collar
22:55 Double-Bit Axe
26:53 Gold Mining
27:47 Heavy Plow
29:27 Hand Cart
Michal Petr
11:08 Feudal Age
13:54 Castle Age
12:59 Double-Bit Axe
15:40 Wheelbarrow
15:14 Loom
17:22 Scale Barding Armor
18:13 Horse Collar
24:34 Town Watch
25:10 Bloodlines
27:05 Ballistics
26:59 Forging
27:31 Hand Cart
31:39 Imperial Age
30:44 Bow Saw
30:36 Heavy Plow
31:11 Chain Barding Armor
31:51 Husbandry
32:28 Iron Casting
32:54 Gold Mining
33:35 Crop Rotation
33:01 Stone Mining
33:43 Elite Battle Elephant
35:38 Blast Furnace
36:38 Plate Barding Armor
Adam Vlček
7:03 Double-Bit Axe
8:39 Loom
8:50 Horse Collar
11:42 Feudal Age
10:46 Gold Mining
18:08 Castle Age
16:21 Stone Mining
17:41 Wheelbarrow
18:39 Scale Barding Armor
18:45 Forging
20:28 Chain Barding Armor
21:13 Bow Saw
21:07 Heavy Plow
23:50 Town Watch
27:20 Iron Casting
32:09 Husbandry
35:18 Imperial Age
35:27 Elite Coustillier
36:02 Elite Coustillier
Connection lost

Rejoining the realm…

Still unreachable

The connection could not be restored.

Session expired

The server has moved on; the page needs a fresh start.